 Dungeon Crawl Stone Soup version 0.30-a0-634-g8abc85282e (webtiles) character file.

Game seed: 15880233392444852774

956 pokeman the Thaumaturge (level 7, -3/40 HPs)
             Began as a Deep Elf Hedge Wizard on Jan 14, 2023.
             Was an Initiate of Vehumet.
             Slain by a vampire (11 damage)
             ... on level 5 of the Dungeon on Jan 15, 2023.
             The game lasted 00:14:12 (5755 turns).

pokeman the Thaumaturge (Deep Elf Hedge Wizard)     Turns: 5755, Time: 00:14:13

Health: -3/40      AC:  4    Str:  7    XL:     7   Next: 91%
Magic:  20/21      EV: 14    Int: 27    God:    Vehumet [......]
Gold:   211        SH:  0    Dex: 20    Spells: 15/23 levels left

rFire   . . .      SeeInvis .    w - +3 dagger (elec)
rCold   . . .      Faith    .    (no shield)
rNeg    . . .      Spirit   .    b - +0 robe
rPois   .          Reflect  .    c - +0 hat
rElec   .          Harm     .    (no cloak)
rCorr   .          Rampage  .    y - +1 pair of gloves
Will    .....                    (no boots)
Stlth   +++                      g - amulet of regeneration
HPRegen 1.06/turn                B - +6 ring of intelligence
MPRegen 0.17/turn                p - +6 ring of dexterity

@: no status effects
A: no striking features
a: Renounce Religion


You were on level 5 of the Dungeon.
You worshipped Vehumet.
Vehumet was noncommittal.
You visited 2 branches of the dungeon, and saw 6 of its levels.
You also visited: Sewer.

You collected 211 gold pieces.

Inventory:

Hand Weapons
 w - a +3 dagger of electrocution (weapon)
 z - a +2 sling of flaming
Missiles
 G - 2 throwing nets
Armour
 b - a +0 robe (worn)
 c - a +0 hat (worn)
 x - the +5 scale mail "Noryehus" {*Corrode Int+3 Stlth+}
   (You found it on level 3 of the Dungeon)

   Int:       It affects your intelligence (+3).
   *Corrode:  It may corrode you when you take damage.
   Stlth:     It makes you more stealthy.
 y - a +1 pair of gloves (worn)
Magical Staves
 j - a staff of poison
 l - a staff of conjuration
Jewellery
 e - a ring of positive energy
 g - an amulet of regeneration (around neck)
 p - a +6 ring of dexterity (right hand)
 B - a +6 ring of intelligence (left hand)
Wands
 D - a wand of flame (27)
Scrolls
 i - a scroll of noise {unknown}
 k - 2 scrolls of teleportation {unknown}
 m - 6 scrolls of identify {unknown}
 n - a scroll of brand weapon {unknown}
 r - a scroll of immolation {unknown}
 s - a scroll of enchant armour {unknown}
 t - a scroll of magic mapping {unknown}
 u - a scroll of butterflies {unknown}
 v - 2 scrolls of fog {unknown}
 A - a scroll of silence {unknown}
 H - a scroll of enchant weapon {unknown}
Potions
 a - 5 potions of curing
 d - a potion of magic
 f - a potion of mutation {unknown}
 h - 5 potions of heal wounds
 o - 4 potions of brilliance {unknown}
 q - a potion of lignification {unknown}
 C - a potion of attraction {unknown}
 E - a potion of berserk rage {unknown}
 F - 3 potions of flight


   Skills:
 - Level 2.0 Fighting
 + Level 1.4 Armour
 - Level 3.3 Dodging
 - Level 3.0 Stealth
 * Level 8.7 Spellcasting
 + Level 4.4 Conjurations
 + Level 3.0 Summonings
 - Level 1.1 Translocations
 - Level 1.3 Air Magic
 - Level 1.3 Poison Magic
 - Level 1.0 Evocations


You had 15 spell levels left.
You knew the following spells:

 Your Spells              Type           Power      Damage    Failure   Level
a - Magic Dart            Conj           100%       1d8       1%          1
b - Mephitic Cloud        Conj/Pois/Air  24%        N/A       5%          3
c - Call Imp              Summ           28%        N/A       1%          2
d - Blink                 Tloc           34%        N/A       4%          2

Your spell library contained the following spells:

 Spells                   Type           Power      Damage    Failure   Level
 Slow                     Hex            44%        N/A       4%          1
 Cigotuvi's Dreadful Rot  Necr/Pois/Air  32%        N/A       5%          2


Dungeon Overview and Level Annotations

Branches:
Dungeon (5/15)             Temple (1/1) D:4           Sewer (visited)

Altars:
Ashenzari
Dithmenos
Elyvilon
Fedhas
Gozag
Hepliaklqana
Makhleb
Nemelex Xobeh
Okawaru
Qazlal
Trog
Uskayaw
Vehumet
Wu Jian
Xom
Yredelemnul
Zin
The Shining One

Shops:
D:3 (


Message History

Aiming: Throw Flame
Press: ? - help, Shift-Dir - straight line, f/p - vampire
Aim: a vampire (lightly damaged, 68% to hit)
The puff of flame hits the vampire but does no damage.
The vampire is lightly damaged.
The vampire gestures wildly while chanting.
The vampire flickers and vanishes!
Deactivating autopickup; reactivate with Ctrl-A.
Aiming: Throw Flame
Press: ? - help, Shift-Dir - straight line You feel stable enough to blink again.
Aiming: Throw Flame
Press: ? - help, Shift-Dir - straight line You are confused.
You are too confused!
You drop a scroll labelled VUNWUWUSEPT.
There are no items here.
You're too confused to cast spells.
You hear some strange, mumbled words.
Something tries to affect you, but you resist.
You see here a scroll labelled VUNWUWUSEPT.
m - 6 scrolls labelled VUNWUWUSEPT (gained 1)
You barely miss something. Something hits you but does no damage.
Something barely misses you. Something hits you.
Something bites you but does no damage.
You feel less confused. Something hits you. Something bites you!
Something draws strength from your injuries!
Something hits you. Something bites you!
* * * LOW HITPOINT WARNING * * *
Something draws strength from your injuries!
Casting: Blink (safe; 4% risk of failure)
Confirm with . or Enter, or press ? or * to list all spells.
You blink.
Something tries to affect you, but you resist.
You feel stable enough to blink again. Something hits you!
* * * LOW HITPOINT WARNING * * *
Something bites you!
You die...

#.#.............###.# #. .
....#.###.............. .......
......###.#....... #.#........
#####......##.#.#####.#........
...#..................$...
#.#.ยง##..................
.#..####.###.#.........#
................#.$....#
#.#...###.@.............# #####
#.#.....#.###...........# .....
........#.##..........#.#
#####. .......#.##....##.##.#
#####.#.#.............# ... ..
..... #.#.............# .##.###
##### #.#..##<.###....# .# #
.##.. ....................
.#..# ###..#..####..#.###


There were no monsters in sight!

Vanquished Creatures
  3 ogres (D:4)
  A centaur (D:4)
  A phantom (D:5)
  A kobold brigand (Sewer)
  2 scorpions
  Natasha (thrice) (D:4)
  An iguana (D:3)
  An orc wizard (D:4)
  8 gnolls
  3 adders
  A shadow imp (D:5)
  An ufetubus (D:5)
  2 worms (D:3)
  3 dart slugs
  4 orcs
  5 endoplasms
  7 giant cockroaches
  3 hobgoblins
  3 jackals
  9 kobolds
  4 quokkas
  6 ball pythons
  5 bats
  A frilled lizard (D:2)
  4 goblins
  6 rats
88 creatures vanquished.

Vanquished Creatures (collateral kills)
  An orc wizard (D:4)
  An orc (D:4)
  3 jackals (D:4)
5 creatures vanquished.

Grand Total: 93 creatures vanquished

Notes
Turn   | Place    | Note
-------+----------+-------------------------------------------
     0 | D:1      | pokeman the Deep Elf Hedge Wizard began the quest for the
                  | Orb.
     0 | D:1      | Reached XP level 1. HP: 10/10 MP: 7/7
   258 | D:1      | Found a faded altar of an unknown god.
   471 | D:1      | Reached XP level 2. HP: 16/16 MP: 7/9
  1317 | D:2      | Reached skill level 5 in Spellcasting
  1553 | D:2      | Reached XP level 3. HP: 20/20 MP: 7/11
  1557 | D:2      | Learned a level 3 spell: Mephitic Cloud
  1560 | D:2      | Learned a level 2 spell: Call Imp
  1563 | D:2      | Learned a level 2 spell: Blink
  2134 | D:3      | Found a shadowy altar of Dithmenos.
  2134 | D:3      | Noticed a shadow
  2138 | D:3      | Found a hazy altar of Hepliaklqana.
  2211 | D:3      | Found Xawuirex's Weapon Shop.
  2301 | D:3      | Reached skill level 1 in Fighting
  2301 | D:3      | Reached skill level 1 in Armour
  2694 | D:3      | Identified the +5 scale mail "Noryehus" {*Corrode Int+3
                  | Stlth+}
  2709 | D:3      | Reached XP level 4. HP: 20/25 MP: 4/13
  3096 | D:4      | Noticed a centaur
  3106 | D:4      | Killed a centaur
  3107 | D:4      | Reached skill level 6 in Spellcasting
  3107 | D:4      | Reached skill level 1 in Evocations
  3107 | D:4      | Reached XP level 5. HP: 14/29 MP: 4/15
  3189 | D:4      | Reached XP level 6. HP: 34/34 MP: 2/17
  3415 | D:4      | Found a staircase to the Ecumenical Temple.
  3421 | Temple   | Entered the Ecumenical Temple
  3421 | Temple   | Found a transporter.
  3421 | Temple   | Found a transporter.
  3423 | Temple   | Found a transporter.
  3423 | Temple   | Found a transporter.
  3442 | Temple   | Became a worshipper of Vehumet
  3507 | D:4      | Reached skill level 7 in Spellcasting
  3507 | D:4      | Reached skill level 1 in Air Magic
  3507 | D:4      | Reached skill level 1 in Poison Magic
  3645 | D:4      | Found a shimmering altar of Xom.
  3646 | D:4      | Found a shimmering altar of Xom.
  3646 | D:4      | Found a shimmering altar of Xom.
  3765 | D:4      | Noticed Natasha
  3773 | D:4      | Killed Natasha
  3774 | D:4      | Reached XP level 7. HP: 38/38 MP: 11/20
  4517 | D:4      | Noticed Natasha
  4524 | D:4      | Killed Natasha
  5181 | D:4      | Noticed Natasha
  5190 | D:4      | Killed Natasha
  5191 | D:4      | Reached skill level 8 in Spellcasting
  5236 | D:5      | Entered Level 5 of the Dungeon
  5278 | D:5      | Found a glowing drain.
  5318 | Sewer    | Entered a sewer
  5573 | Sewer    | Found a white marble altar of Elyvilon.
  5721 | D:5      | Noticed a vampire
  5755 | D:5      | Slain by a vampire

Illustrated notes

Levels and vault maps discovered:
D:1:      kilobyte_arrival_exit_the_forest, layout_basic,
          hellmonk_ecumenical_altar_zigzags
D:2:      layout_loops_cross
D:3:      layout_loops_ring, riverfiend_overflow_shadow_ancestor, serial_shops,
          nicolae_shop_crystal, dreamdust_wishing_well, corexii_corridor_pit,
          minmay_joined_circles
D:4:      layout_basic, xom_redecorated, minmay_temple_entry_wispy, uniq_natasha
D:5:      layout_basic, portal_sewer_entry_f, uniq_edmund
Temple:   hellmonk_temple_divided_pantheon

Skill      XL: |  1  2  3  4  5  6  7 |
---------------+----------------------+-----
Spellcasting   | 5 6 7 8 |  8.7
Fighting       | 1 2 |  2.0
Armour         | 1 |  1.4
Conjurations   | 2 3 4 |  4.4
Stealth        | 3 |  3.0
Dodging        | 3 |  3.3
Evocations     | 1 |  1.0
Air Magic      | 1 |  1.3
Poison Magic   | 1 |  1.3
Summonings     | 3 |  3.0
Translocations | |  1.1

Action                   |  1- 3 |  4- 6 |  7- 9 || total
-------------------------+-------+-------+-------++-------
Melee: Dagger            |     8 |    21 |    23 ||    52
       Punch             |       |       |     1 ||     1
 Cast: Magic Dart        |   102 |    43 |    52 ||   197
       Mephitic Cloud    |     1 |     6 |     8 ||    15
       Call Imp          |       |     3 |     1 ||     4
       Blink             |       |       |     2 ||     2
Evoke: Wand              |       |       |     6 ||     6
 Stab: Sleeping          |     1 |       |       ||     1
       Confused          |       |     5 |     3 ||     8
Armor: Robe              |     2 |     6 |     5 ||    13
Dodge: Dodged            |    24 |    19 |    18 ||    61

Table legend: (Time is in decaauts)
 A = Elapsed time spent in this place.
 B = Non-inter-level travel time spent in this place.
 C = Inter-level travel time spent in this place.
 D = Time resting spent in this place.
 E = Time spent auto-exploring this place.
 F = Levels seen in this place.
 G = Mean time per level.
                   A        B        C        D        E       F      G
               +--------+--------+--------+--------+--------+-----+--------+
         Total |   5785 |   5589 |    196 |    184 |   3825 |   7 |  826.4 |
       Dungeon |   5417 |   5221 |    196 |    184 |   3546 |   5 | 1083.4 |
        Temple |     49 |     49 |      0 |      0 |      1 |   1 |   49.0 |
         Sewer |    317 |    317 |      0 |      0 |    278 |   1 |  317.0 |
               +--------+--------+--------+--------+--------+-----+--------+

Top non-repeatable levels by time:
     D:4: 2148 daAuts
     D:1: 1318 daAuts
     D:3: 1031 daAuts
     D:2: 695 daAuts
   Sewer: 317 daAuts
     D:5: 224 daAuts
  Temple: 49 daAuts
